 Dungeon Crawl Stone Soup version 0.20-a0-502-g555d78b (webtiles) character file.

9 Amnesiac the Vexing (level 2, 0/19 HPs)
             Began as a Mummy Enchanter on Jan 20, 2017.
             Slain by a worker ant (4 damage)
             ... on level 4 of the Dungeon.
             The game lasted 00:02:13 (393 turns).

Amnesiac the Vexing (Mummy Enchanter)                Turns: 393, Time: 00:02:14

Health: 0/19       AC:  6    Str: 11    XL:     2   Next: 3%
Magic:  1/5        EV: 10    Int: 14    God:
Gold:   13         SH:  0    Dex: 12    Spells: 3/6 levels left

rFire    x . .     SeeInvis .   a - +1 dagger
rCold    + . .     Gourm    .   d - +0 ring mail (curse)
rNeg     + + +     Faith    .   (no shield)
rPois    ∞         Spirit   .   (no helmet)
rElec    .         Reflect  .   (no cloak)
rCorr    .         Harm     .   (no gloves)
MR       .....                  f - +0 pair of boots
Stlth    +.........             (no amulet)
Regen    0.1/turn               (no ring)
                                (no ring)

@: very slightly contaminated
A: no food or potions, fire vulnerability, cold resistance 1, negative energy
resistance 3, torment resistance, unbreathing
a: no special abilities


You were on level 4 of the Dungeon.
You were not hungry.

You visited 1 branch of the dungeon, and saw 5 of its levels.

You collected 13 gold pieces.

Inventory:

Hand Weapons
 a - a +1 dagger (weapon)
Armour
 b - a +0 robe
 d - a cursed +0 ring mail (worn)
 f - a +0 pair of boots (worn)
Books
 c - a book of Maledictions

   Spells                             Type                      Level
   a - Corona                         Hexes                        1
   b - Ensorcelled Hibernation        Hexes/Ice                    2
   c - Confuse                        Hexes                        3
   d - Tukima's Dance                 Hexes                        3
   e - Dazzling Spray                 Conjuration/Hexes            3


   Skills:
 - Level 1.0 Short Blades
 - Level 1.5 Dodging
 - Level 2.4 Stealth
 - Level 2.6 Spellcasting
 + Level 3.1 Hexes


You had 3 spell levels left.
You knew the following spells:

 Your Spells              Type           Power        Failure   Level  Hunger
f - Corona                Hex            ##.....      17%         1    N/A
z - Ensorcelled Hibernat  Hex/Ice        #.....       47%         2    N/A

Dungeon Overview and Level Annotations

Branches:
Dungeon (5/15)
 Temple: D:4-7

Altars:


Innate Abilities, Weirdness & Mutations

You do not eat or drink.
Your flesh is vulnerable to fire.
You are immune to poison.
Your flesh is cold resistant. (rC+)
You are immune to negative energy. (rN+++)
You are immune to unholy pain and torment.
You can survive without breathing.


Message History

Aim: a worker ant (chance to defeat MR: 47%)
You miscast Ensorcelled Hibernation.
You are very lightly contaminated with residual magic.
Your hands feel numb with cold.
The worker ant bites you.
* * * LOW HITPOINT WARNING * * *
Casting: Ensorcelled Hibernation
Confirm with . or Enter, or press ? or * to list all spells.
Aiming: Ensorcelled Hibernation
Press: ? - help, Shift-Dir - straight line, f/p - worker ant
Aim: a worker ant (chance to defeat MR: 47%)
You miscast Ensorcelled Hibernation.
Wisps of condensation drift from your hands.
The worker ant barely misses you.
Casting: Ensorcelled Hibernation
Confirm with . or Enter, or press ? or * to list all spells.
You don't have enough magic to cast that spell.
Unknown command.
Okay, then.
The worker ant bites you.
You die...

......?#
#...#......#
.......# .
#...#......#
.<.....# #.
#......######
..)...##
##.###+###.........#
.........#.........#
.........#.........#
.........#.........#
.........#......%..#
.......@a'.........#
##########.........#
###########


You could see a worker ant.

Vanquished Creatures
  A dart slug (D:2)
  A hobgoblin (D:1)
  3 jackals
  A kobold (D:1)
6 creatures vanquished.

Notes
Turn   | Place    | Note
-------+----------+-------------------------------------------
     0 | D:1      | Amnesiac the Mummy Enchanter began the quest for the Orb.
     0 | D:1      | Reached XP level 1. HP: 13/13 MP: 4/4
    57 | D:1      | Reached skill level 1 in Short Blades
   219 | D:3      | Noticed an orc priest
   258 | D:4      | Reached skill level 3 in Hexes
   270 | D:5      | Entered Level 5 of the Dungeon
   270 | D:5      | Noticed a howler monkey
   284 | D:5      | Reached XP level 2. HP: 9/19 MP: 0/5
   288 | D:5      | Learned a level 2 spell: Ensorcelled Hibernation
   336 | D:5      | Noticed a sky beast
   342 | D:4      | Noticed a howler monkey
   361 | D:4      | Noticed a scorpion
   393 | D:4      | Slain by a worker ant

Vault maps used:
D:1:      dpeg_arrival_rooms_c, minivault_23, feat_on_display
D:2:      nicolae_overflow_crystal_walls, first_bread, tso_altar, uniq_sigmund
D:3:      kennysheep_generic_room_15
D:4:      serial_shops, nicolae_shop_stone
D:5:      lemuel_castle_with_subvaults

Skill      XL: |  1 |
---------------+----+-----
Short Blades   | 1 |  1.0
Hexes          | 3 |  3.1
Dodging        | |  1.5
Stealth        | |  2.4
Spellcasting   | |  2.6

Action                   || total
-------------------------++-------
Melee: Dagger            ||    25
 Cast: Corona            ||     5
       Ensorcelled Hiber ||     1
  Use: Scroll            ||     1
 Stab: Sleeping          ||     1
Armor: Ring mail         ||    34
Dodge: Dodged            ||    54
